 Dungeon Crawl Stone Soup version 0.29.0-5-ge4962eb29e (webtiles) character file.

Game seed: 8621634761891139687

9 Descartes the Ducker (level 2, -1/16 HPs)
             Began as a Deep Elf Wanderer on Aug 28, 2022.
             Killed from afar by a dart slug (4 damage)
             ... with a slug dart
             ... on level 1 of the Dungeon.
             The game lasted 00:01:48 (248 turns).

Descartes the Ducker (Deep Elf Wanderer)             Turns: 248, Time: 00:01:48

Health: -1/16      AC:  3    Str: 11    XL:     2   Next: 6%
Magic:  6/6        EV: 14    Int: 12    God:
Gold:   11         SH:  0    Dex: 16    Spells: 4/4 levels left

rFire   . . .      SeeInvis .   a - +3 quarterstaff
rCold   . . .      Faith    .   (shield currently unavailable)
rNeg    . . .      Spirit   .   d - +0 robe
rPois   .          Reflect  .   (no helmet)
rElec   .          Harm     .   b - +0 cloak
rCorr   .          Rampage  .   (no gloves)
Will    .....                   (no boots)
Stlth   ++........              (no amulet)
HPRegen 0.05/turn               (no ring)
MPRegen 0.10/turn               (no ring)

@: no status effects
A: no striking features
a: no special abilities


You were on level 1 of the Dungeon.
You visited 1 branch of the dungeon, and saw 1 of its levels.

You collected 11 gold pieces.

Inventory:

Hand Weapons
 a - a +3 quarterstaff (weapon)
Missiles
 e - 9 poisoned darts (quivered)
 f - 3 stones
Armour
 b - a +0 cloak (worn)
 d - a +0 robe (worn)
Scrolls
 g - a scroll of poison {unknown}
Potions
 c - a potion of lignification


   Skills:
 - Level 1.0 Fighting
 + Level 3.1 Staves
 + Level 4.9 Dodging
 + Level 1.6 Stealth
 + Level 1.9 Spellcasting
 + Level 0.5 Conjurations


You had 4 spell levels left.
You didn't know any spells.
Your spell library was empty.

Dungeon Overview and Level Annotations

Branches:
Dungeon (1/15)

Altars:


Message History

The hobgoblin is severely wounded.
The hobgoblin misses you. The kobold barely misses you.
The dart slug misses you.
You thump the hobgoblin!
You kill the hobgoblin!
The bat hits you.
The kobold hits you with a +0 short sword.
* * * LOW HITPOINT WARNING * * *
The dart slug closely misses you.
You have reached level 2!
The bat barely misses you. The bat attacks as you move away!
The bat completely misses you. The bat misses you. The bat closely misses you.
The bat hits you but does no damage. The bat barely misses you.
The bat barely misses you. The bat closely misses you.
The bat barely misses you.
You barely miss the bat. The bat barely misses you. The goblin misses you.
You barely miss the goblin. The goblin misses you.
You closely miss the goblin. The goblin misses you.
You hit the goblin.
The goblin is severely wounded.
The goblin hits you but does no damage.
You sock the goblin!
You kill the goblin!
The bat barely misses you.
The kobold shouts!
The bat misses you. The bat completely misses you. The bat closely misses you.
The dart slug launches a dart at you. The slug dart hits you.
* * * LOW HITPOINT WARNING * * *
Things that are here:
a +0 dagger; a goblin corpse You sock the bat!
You kill the bat!
The dart slug launches a dart at you. The slug dart hits you.
You die...

##### . ...# .........#####.##
## ....... .....#.†#### ##.
.........##........##### ###..
.......................####....
..........................#....
.......#######@###.###.......##
.......#######)# #.# #.#####.#8
#.....Kgb#...Kw# ... #.# #.#.
######w#.#.#.###.###.#.# ##.#8
#.#...#.# .. .#.####..##
#.#####.#.# #......... #. ..#.
#.####.... #. ### #.# #.... #.
#.# ####.


You could see a dart slug and a kobold.

Vanquished Creatures
  2 bats (D:1)
  2 goblins (D:1)
  A hobgoblin (D:1)
  A kobold (D:1)
  A quokka (D:1)
  A ball python (D:1)
  A rat (D:1)
9 creatures vanquished.

Notes
Turn   | Place    | Note
-------+----------+-------------------------------------------
     0 | D:1      | Descartes the Deep Elf Wanderer began the quest for the
                  | Orb.
     0 | D:1      | Descartes set off with the following items: a +3
                  | quarterstaff, a +0 cloak, a potion of lignification, a +0
                  | robe.
     0 | D:1      | Reached XP level 1. HP: 12/12 MP: 5/5
   153 | D:1      | Found a faded altar of an unknown god.
   233 | D:1      | Reached XP level 2. HP: 4/16 MP: 6/6
   248 | D:1      | Killed from afar by a dart slug

Illustrated notes

Levels and vault maps discovered:
D:1:      elethiomel_arrival_maze, layout_rooms,
          dreamdust_ecumenical_altar_angels_and_demons

Action                   || total
-------------------------++-------
Melee: Quarterstaff      ||    24
 Stab: Sleeping          ||     1
Armor: Robe              ||     3
Dodge: Dodged            ||    37
